 Dungeon Crawl Stone Soup version 0.27.1-15-g792fb953b9 (webtiles) character file.

Game seed: 13716156122391456132

72 ces the Bolt Thrower (level 4, 0/33 HPs)
             Began as a Djinni Hunter on Nov 19, 2021.
             Slain by a dart slug (3 damage)
             ... on level 3 of the Dungeon.
             The game lasted 00:05:11 (2023 turns).

ces the Bolt Thrower (Djinni Hunter)                Turns: 2023, Time: 00:05:11

Health: 0/33       AC:  3    Str: 12    XL:     4   Next: 50%
Gold:   114        EV: 12    Int: 12    God:
                   SH:  0    Dex: 14

rFire    + + .     SeeInvis .   b - +0 short sword
rCold    x . .     Faith    .   (no shield)
rNeg     . . .     Spirit   .   c - +0 leather armour
rPois    ∞         Reflect  .   (no helmet)
rElec    .         Harm     .   (no cloak)
rCorr    .         Rampage  .   (no gloves)
Will     .....                  (boots unavailable)
Stlth    +.........             (no amulet)
HPRegen  0.11/turn              (no ring)
MPRegen  0.00/turn              (no ring)

@: flying
A: sickness immunity, fire resistance 2, cold vulnerability 1, float, innate
caster, hp casting, extra vitality 1
a: no special abilities


You were on level 3 of the Dungeon.
You visited 1 branch of the dungeon, and saw 3 of its levels.

You collected 114 gold pieces.

Inventory:

Hand Weapons
 a - a +2 hand crossbow
 b - a +0 short sword (weapon)
Missiles
 d - 9 bolts
Armour
 c - a +0 leather armour (worn)


   Skills:
 - Level 2.0 Fighting
 + Level 4.5 Crossbows
 - Level 2.1 Dodging
 * Level 0.8 Stealth
 - Level 0.5 Spellcasting


You had 3 spell levels left.
You knew the following spells:

 Your Spells              Type           Power      Damage    Failure   Level
a - Sting                 Tmut/Pois      4%         1d3       32%         1
Your spell library was empty.

Dungeon Overview and Level Annotations

Branches:
Dungeon (3/15)

Altars:

Shops:
D:3 !

Portals:
Sewer: D:3

Annotations:
D:3 Grinder


Innate Abilities, Weirdness & Mutations

You are immune to sickness and miasma.
You are immune to poison.
Your flesh is very heat resistant. (rF++)
You are vulnerable to cold. (rC-)
You float through the air rather than walking.
You learn spells naturally, not from books.
Your magical power is your life essence.
You have superior vitality. (+4 HP)


Message History

The river rat is lightly wounded.
The river rat misses you.
You completely miss the river rat.
The river rat is lightly wounded.
The river rat bites you.
You hit the river rat but do no damage.
The river rat is lightly wounded.
The river rat bites you.
You hit the river rat.
The river rat is moderately wounded.
The river rat bites you!
* * * LOW HITPOINT WARNING * * *
You feel better. The river rat barely misses you.
It was a potion of flight.
You feel more buoyant. The river rat bites you!
* * * LOW HITPOINT WARNING * * *
You see here 10 gold pieces.
The river rat closely misses you.
There is a stone staircase leading up here.
You see here 2 potions of degeneration.
The river rat bites you.
* * * LOW HITPOINT WARNING * * *
You fly upwards.
There is a stone staircase leading down here.
There is a stone staircase leading down here.
You can't go up here!
You fly downwards.
You hear the sound of rushing water.
There is an entrance to a sewer on this level.
Hurry and find it before the portal rusts away!
Level annotation: Grinder You hear the rusting of a very distant drain.
The dart slug launches a dart at you. The slug dart hits you.
* * * LOW HITPOINT WARNING * * *
A goblin comes into view. It is wielding a +0 club.
A goblin comes into view. It is wielding a +0 dagger.
There is a stone staircase leading up here.
The dart slug bites you.
You die...

##w#≈#≈≈≈≈g##
##≈≈≈≈≈≈≈≈≈≈≈##
#≈≈≈≈≈≈≈≈≈≈≈≈≈#
≈≈≈≈≈≈≈≈≈≈≈wg ≈
≈≈≈≈≈≈≈w≈≈≈#
≈≈≈ #≈≈≈≈≈≈!≈≈≈
#≈)..#w?!≈≈≈.≈≈
≈≈.)(.(@.....≈≈
≈#≈.≈#..8≈≈..≈≈
≈≈≈ #≈≈≈(≈≈≈#≈≈
≈ ≈≈≈≈≈(≈≈≈≈≈≈
≈≈≈≈≈≈≈≈≈≈≈≈.
#≈≈≈#≈≈≈≈#≈≈#≈.
##≈≈≈#≈≈≈≈≈≈≈ )
##.≈≈≈≈≈≈≈.#.


You could see 4 dart slugs and 2 goblins.

Vanquished Creatures
  2 adders (D:2)
  An ufetubus (D:2)
  A dart slug (D:1)
  A bat (D:1)
  5 endoplasms
  3 giant cockroaches
  3 goblins (D:2)
  6 hobgoblins
  2 jackals (D:1)
  3 kobolds
  A quokka (D:1)
  10 ball pythons
  5 frilled lizards
  A rat (D:1)
44 creatures vanquished.

Vanquished Creatures (others)
  4 toadstools (D:3)
4 creatures vanquished.

Grand Total: 48 creatures vanquished

Notes
Turn   | Place    | Note
-------+----------+-------------------------------------------
     0 | D:1      | ces the Djinni Hunter began the quest for the Orb.
     0 | D:1      | Reached XP level 1. HP: 18/18 MP: 0/0
   113 | D:1      | Reached XP level 2. HP: 23/23 MP: 0/0
   422 | D:1      | Reached XP level 3. HP: 28/28 MP: 0/0
   422 | D:1      | Learned a level 1 spell: Sting
   710 | D:1      | Reached skill level 4 in Crossbows
  1234 | D:2      | Reached XP level 4. HP: 33/33 MP: 0/0
  1752 | D:3      | Noticed Grinder
  1794 | D:3      | Found Hituofesk's Distillery.
  1937 | D:3      | Found a glowing drain.
  1973 | D:3      | HP: 1/33 [river rat (7)]
  1991 | D:3      | HP: 1/33 [river rat (2)]
  2023 | D:3      | Slain by a dart slug

Illustrated notes

Levels and vault maps discovered:
D:1:      saegor_arrival_simple_b, layout_basic
D:2:      layout_basic, amethyst_killhole, hex_intersection
D:3:      kennysheep_slugbush, layout_loops_ring, serial_shops, shop_statue,
          nicolae_shop_competitors_out_of_business, shop, portal_sewer_entry_a,
          minmay_gold_behind_fungi, chequers_avenue, corexii_leaking_fountain,
          uniq_grinder

Skill      XL: |  1  2  3 |
---------------+----------+-----
Crossbows      | 4 |  4.5
Fighting       | |  2.0
Dodging        | |  2.1
Stealth        | |  0.8
Spellcasting   | |  0.5

Action                   |  1- 3 |  4- 6 || total
-------------------------+-------+-------++-------
Melee: Short sword       |       |    24 ||    24
 Fire: Hand crossbow     |    71 |    18 ||    89
  Use: Scroll            |       |     3 ||     3
       Potion            |       |     3 ||     3
Armor: Leather armour    |     3 |    13 ||    16
Dodge: Dodged            |    16 |    43 ||    59
